 Dungeon Crawl Stone Soup version 0.22.0 (webtiles) character file.

249 Blackhawk the Shield-Bearer (level 6, -4/49 HPs)
             Began as a Formicid Fighter on Oct 24, 2018.
             Slain by a gnoll
             ... wielding a +0 whip of electrocution
              (20 damage)
             ... on level 3 of the Dungeon.
             The game lasted 00:03:51 (1968 turns).

Blackhawk the Shield-Bearer (Formicid Fighter)      Turns: 1968, Time: 00:03:52

Health: -4/49      AC: 14    Str: 22    XL:     6   Next: 35%
Magic:  6/6        EV:  6    Int:  8    God:
Gold:   118        SH: 10    Dex: 10    Spells: 5/5 levels left

rFire    . . .     SeeInvis +   a - +0 flail
rCold    . . .     Gourm    .   c - +0 shield
rNeg     . . .     Faith    .   g - +4 chain mail {MR+}
rPois    .         Spirit   .   (helmet unavailable)
rElec    .         Reflect  .   (no cloak)
rCorr    .         Harm     .   (no gloves)
MR       +....                  (no boots)
Stlth    ..........             (no amulet)
HPRegen  0.16/turn              k - +1 ring of protection
MPRegen  0.10/turn              (no ring)

@: no status effects
A: permanent stasis, dig shafts and tunnels, four strong arms, antennae 3
a: Dig, Shaft Self


You were on level 3 of the Dungeon.
You were not hungry.

You visited 1 branch of the dungeon, and saw 3 of its levels.

You collected 118 gold pieces.

Inventory:

Hand Weapons
 a - a +0 flail (weapon)
Missiles
 j - 74 stones (quivered)
 l - 20 sling bullets
Armour
 b - a +0 scale mail
 c - a +0 shield (worn)
 g - a +4 chain mail of magic resistance (worn)
Jewellery
 k - a +1 ring of protection (left hand)
Wands
 w - a wand of iceblast (8)
Scrolls
 e - 2 scrolls of identify {unknown}
 h - 2 scrolls of amnesia {unknown}
 o - a scroll of enchant armour {unknown}
 p - a scroll of fear {unknown}
 q - a scroll of immolation {unknown}
 u - a scroll of remove curse {unknown}
 v - a scroll of noise {unknown}
Potions
 d - a potion of might
 i - 3 potions of heal wounds {unknown}
 m - a potion of brilliance {unknown}
 n - 3 potions of lignification {unknown}
 r - a potion of agility {unknown}
 s - 2 potions of flight {unknown}
Comestibles
 f - 7 rations
 t - 7 chunks of flesh


   Skills:
 + Level 4.6 Fighting
 + Level 3.5 Maces & Flails
 + Level 4.6 Armour
 + Level 5.0 Shields


You had 5 spell levels left.
You didn't know any spells.
Your spell library was empty.

Dungeon Overview and Level Annotations

Branches:
Dungeon (3/15)

Altars:
Ashenzari
Elyvilon


Innate Abilities, Weirdness & Mutations

You cannot be hasted, slowed, berserked, paralysed or teleported.
You can dig through walls and to a lower floor.
Your four strong arms can wield two-handed weapons with a shield.
You have a pair of large antennae on your head. (SInv)


Message History

The phantom is moderately damaged.
The phantom hits you. The gnoll hits you but does no damage.
The gnoll closely misses you.
The phantom blinks!
You closely miss the gnoll. You block the gnoll's attack.
You hit the phantom.
The phantom is heavily damaged.
You block the gnoll's attack. The gnoll hits you but does no damage.
You are electrocuted!
You block the gnoll's attack. The gnoll hits you with a whip.
The phantom hits you.
The phantom blinks!
You are too injured to fight recklessly!
You are too injured to fight recklessly!
You are too injured to fight recklessly!
You are too injured to fight recklessly!
You are too injured to fight recklessly!
You are too injured to fight recklessly!
You are too injured to fight recklessly!
You are too injured to fight recklessly!
You are too injured to fight recklessly!
The gnoll hits you but does no damage.
You are electrocuted!
You die...

#............. ....
#.......#### ..#
##....<.)..# ...
#......##.# ###.####
#.##....##.# #
##.....##.## #.##.##.#
#.#.......#..# #.##.##.#
##.#..Wg...#..###........
......g_@......#####.###.
...#..gg...#.............
#.?.....#...#.##..###.
##.....##..##.<.......
..####.####..##.....##.#
#............###.#..##.#
##.(...#.###........##.#
#.>......# #####.#......
#.##...### #........


You could see a phantom and 4 gnolls.

Vanquished Creatures
  A centaur (D:1)
  Terence (D:1)
  Ijyb (D:3)
  A worker ant (D:2)
  4 adders (D:2)
  2 worms (D:2)
  2 dart slugs
  3 leopard geckos
  4 bats
  6 giant cockroaches
  5 hobgoblins
  2 jackals (D:2)
  A quokka (D:3)
  3 frilled lizards
  4 goblins
  7 kobolds
  8 rats
55 creatures vanquished.

Notes
Turn   | Place    | Note
-------+----------+-------------------------------------------
     0 | D:1      | Blackhawk the Formicid Fighter began the quest for the Orb.
     0 | D:1      | Reached XP level 1. HP: 18/18 MP: 1/1
   160 | D:1      | Reached XP level 2. HP: 24/24 MP: 2/2
   599 | D:2      | Noticed a centaur
   612 | D:1      | Killed a centaur
   612 | D:1      | Reached skill level 4 in Shields
   612 | D:1      | Reached XP level 3. HP: 10/30 MP: 3/3
   612 | D:1      | Reached XP level 4. HP: 13/37 MP: 4/4
   612 | D:1      | Reached XP level 5. HP: 15/42 MP: 5/5
   937 | D:2      | Noticed Terence
   998 | D:1      | HP: 2/42 [poisoned by an adder]
  1311 | D:1      | Killed Terence
  1311 | D:1      | Reached XP level 6. HP: 25/49 MP: 6/6
  1624 | D:2      | Found a shattered altar of Ashenzari.
  1847 | D:3      | Noticed Ijyb
  1865 | D:3      | Killed Ijyb
  1865 | D:3      | Reached skill level 5 in Shields
  1942 | D:3      | Noticed a phantom
  1948 | D:3      | Found a white marble altar of Elyvilon.
  1968 | D:3      | Slain by a gnoll

Skill      XL: |  1  2  3  4  5  6 |
---------------+-------------------+-----
Fighting       | 4 |  4.6
Armour         | 4 |  4.6
Shields        | 4 5 |  5.0
Maces & Flails | 3 |  3.5

Action                   |  1- 3 |  4- 6 || total
-------------------------+-------+-------++-------
Melee: Flail             |    57 |   166 ||   223
  Eat: Chunk             |       |     4 ||     4
Armor: Scale mail        |    33 |    38 ||    71
       Chain mail        |       |    54 ||    54
Dodge: Dodged            |    22 |    51 ||    73
Block: Shield            |    39 |   103 ||   142
